 Dungeon Crawl Stone Soup version 0.21.0-30-g47ce8e4 (webtiles) character file.

48288 Kurtz the Impaler (level 14, -15/148 HPs)
             Began as an Octopode Abyssal Knight on Jan 28, 2018.
             Was the Champion of Lugonu.
             Killed from afar by an ancient lich (50 damage)
             ... with a bolt of lightning
             ... while paralysed by an ancient lich
             ... on level 1 of the Abyss.
             The game lasted 00:46:02 (23463 turns).

Kurtz the Impaler (Octopode Abyssal Knight)        Turns: 23463, Time: 00:46:03

Health: -15/148    AC: 34    Str: 18      XL:     14   Next: 45%
Magic:  0/23       EV:  2    Int: 15      God:    Lugonu [******]
Gold:   985        SH:  0    Dex: 17 (19) Spells: 15/26 levels left

rFire    . . .     SeeInvis +   d - +2 halberd (protect)
rCold    + . .     Gourm    .   (shield currently unavailable)
rNeg     + + +     Faith    .   (helmet currently unavailable)
rPois    +         Spirit   +   m - amulet of guardian spirit
rElec    .         Reflect  .   i - +2 ring of evasion
rCorr    +         Harm     .   r - ring of resist corrosion
MR       +....     Rnd*Rage +   I - ring of see invisible Stlth +++.......NoTele +
                                Q - +3 ring of dexterity
HPRegen  0.34/turn              M - ring of protection from cold
MPRegen  0.18/turn              (no ring)
                                (no ring)
                                (no ring)

@: paralysed, mighty, tree-form, protection aura, hasted
A: almost no armour, stealthy swim, (amphibious), 8 rings, (constrict 8), agile
1, berserk 1, deterioration 1
a: Depart the Abyss, Bend Space, Banish, Corrupt, Enter the Abyss, Brand Weapon
With Distortion, Renounce Religion


You were on level 1 of the Abyss.
You worshipped Lugonu.
Lugonu was exalted by your worship.
You were hungry.
You were a tree.
You visited 2 branches of the dungeon, and saw 19 of its levels.
You visited the Abyss 3 times.
You also visited: Sewer.

You collected 1128 gold pieces.
You spent 143 gold pieces at shops.

Inventory:

Hand Weapons
 d - a +2 halberd of protection (weapon)
 h - a +2 eveningstar
 O - a +0 blowgun
Missiles
 k - 5 tomahawks (quivered)
 o - 6 javelins
 R - 51 poisoned needles
Armour
 t - a +2 hat (melded)
Magical Staves
 H - an uncursed staff of earth
 V - an uncursed staff of death
Jewellery
 i - a +2 ring of evasion (left branch)
 m - an amulet of guardian spirit (around neck)
 r - a ring of resist corrosion (right branch)
 I - a ring of see invisible (on tentacle)
 M - a ring of protection from cold (on tentacle)
 Q - a +3 ring of dexterity (on tentacle)
Wands
 q - a wand of digging (21)
 S - a wand of acid (1)
 T - a wand of flame (27)
 U - a wand of paralysis (9)
Scrolls
 a - 3 scrolls of amnesia {unknown}
 e - 11 scrolls of teleportation
 g - 5 scrolls of remove curse
 j - 2 scrolls of immolation
 p - 5 scrolls of enchant weapon
 s - 3 scrolls of enchant armour
 u - 8 scrolls of identify
 v - 9 scrolls of fog {unknown}
 w - 2 scrolls of blinking
 y - 2 scrolls of noise {unknown}
 D - 3 scrolls of vulnerability {unknown}
 G - 3 scrolls of random uselessness
 J - 3 scrolls of fear
 N - 2 scrolls of magic mapping {unknown}
Potions
 c - a potion of heal wounds
 f - 2 potions of flight
 n - a potion of invisibility
 x - 2 potions of magic {unknown}
 z - 11 potions of curing
 A - 4 potions of might
 E - a potion of haste
 F - 2 potions of agility
 P - 2 potions of brilliance
Books
 B - a book of Maledictions

   Spells                             Type                      Level
   a - Corona                         Hexes                        1
   b - Ensorcelled Hibernation        Hexes/Ice                    2
   c - Confuse                        Hexes                        3
   d - Tukima's Dance                 Hexes                        3
   e - Dazzling Spray                 Conjuration/Hexes            3
 K - a book of Power

   Spells                             Type                      Level
   a - Iskenderun's Battlesphere      Conjuration/Charms           5
   b - Venom Bolt                     Conjuration/Poison           5
   c - Bolt of Magma                  Conjuration/Fire/Earth       5
   d - Iron Shot                      Conjuration/Earth            6
   e - Orb of Destruction             Conjuration                  7
   f - Spellforged Servitor           Conjuration/Summoning        7
 L - a book of Minor Magic

   Spells                             Type                      Level
   a - Magic Dart                     Conjuration                  1
   b - Blink                          Translocation                2
   c - Call Imp                       Summoning                    2
   d - Slow                           Hexes                        2
   e - Conjure Flame                  Conjuration/Fire             3
   f - Mephitic Cloud                 Conjuration/Poison/Air       3
Miscellaneous
 X - a sack of spiders
Comestibles
 b - 20 rations


   Skills:
 + Level 10.2 Fighting
 * Level 15.6 Polearms
 - Level 0.3 Throwing
 + Level 7.8 Dodging
 - Level 6.0 Stealth
 * Level 6.5 Spellcasting
 * Level 7.0 Conjurations
 * Level 10.4 Invocations
 - Level 2.5 Evocations


You had 15 spell levels left.
You knew the following spells:

 Your Spells              Type           Power        Failure   Level  Hunger
a - Magic Dart            Conj           ####         1%          1    None
b - Mephitic Cloud        Conj/Pois/Air  ##......     16%         3    ##.....
c - Call Imp              Summ           #.......     22%         2    #......
d - Iskenderun's Battles  Conj/Chrm      ###.....     65%         5    ######.


Dungeon Overview and Level Annotations

Branches:
Dungeon (15/15)            Temple (0/1) D:6            Lair (4/6) D:8
  Swamp (0/4) Lair:2        Snake (0/4) Lair:3          Orc (0/2) D:10
 Vaults: D:13-14     Depths: D:15

Altars:
Ashenzari
Cheibriados
Gozag
Hepliaklqana
Kikubaaqudgha
Okawaru
Qazlal
Ru
Sif Muna
Vehumet
Wu Jian
Xom
Yredelemnul
Zin

Shops:
D:12 !

Annotations:
Lair:4 Sonja


Innate Abilities, Weirdness & Mutations

You cannot wear most types of armour.
You are very stealthy in the water. (Stealth+)
((You are amphibious.))
You can wear up to eight rings at the same time.
((You can use your tentacles to constrict eight enemies at once.))
((Your skin changes colour to match your surroundings (Stealth+).))
((Your rubbery body absorbs attacks. (AC +1, EV +1)))
You are agile. (Dex +2)
You tend to lose your temper in combat.
Your body sometimes deteriorates upon taking damage.


Message History

The ancient lich casts a spell at you.
Helpless, you fail to dodge the bolt of lightning.
* * * LOW HITPOINT WARNING * * *
Your body deteriorates!
You feel clumsy.
Unknown command.
You hit the ancient lich but do no damage.
The ancient lich is almost destroyed.
You barely miss the ancient lich.
The ancient lich is almost destroyed.
The ancient lich points at you and mumbles some strange words.
You suddenly lose the ability to move!
The ancient lich gestures at you while chanting.
You shrug off the repeated paralysis!
The ancient lich touches you.
* * * LOW HITPOINT WARNING * * *
The ancient lich touches you but does no damage.
The ancient lich points at you and mumbles some strange words.
You shrug off the repeated paralysis!
The ancient lich gestures at you while chanting.
The bolt of lightning hits you!
You die...

. . # .
#. # #
..### #.
# .#.##
#
...#.#.#
..#
##L#..##
.# #♣#
##. . #
#.# ....
.# # #.#
.# .#
#..###
#. ## #
# ... .
# # ..
#. # #.
. . .. .
. .. #


You could see an ancient lich.

Vanquished Creatures
  A spark wasp (shapeshifter) (D:14)
  Snorg (D:10)
  Josephine (D:11)
  A vault guard (D:13)
  11 two-headed ogres
  Urug (D:12)
  A sun demon (Abyss:2)
  2 unseen horrors
  2 deep elf magi
  An orc knight (D:15)
  3 ugly things
  2 oklob plants (Lair:3)
  A necromancer (D:15)
  3 cyclopes
  A manticore (D:15)
  2 wolf spider zombies (D:15)
  Psyche (D:9)
  A smoke demon (Abyss:2)
  8 elephants
  A black mamba (Lair:4)
  9 spiny frogs
  A gargoyle (D:12)
  An efreet (D:13)
  A kobold demonologist (D:15)
  4 komodo dragons
  An ancient zyme (Abyss:2)
  A troll (D:9)
  Prince Ribbit (D:9)
  A meliai zombie (D:12)
  5 hippogriffs
  8 blink frogs
  A vampire (D:9)
  4 wraiths
  3 wyverns
  17 yaks
  2 basilisks
  4 hungry ghosts
  A two-headed ogre zombie (D:10)
  3 vampire mosquitoes (D:7)
  2 insubstantial wisps (Abyss:2)
  4 wargs (D:11)
  Menkaure (D:6)
  2 acid dragons (D:11)
  4 water moccasins
  10 porcupines
  6 orc warriors
  4 sky beasts
  2 black bears
  A phantom (D:10)
  4 centaurs
  16 wolves
  9 ogres
  8 crocodiles
  3 big kobolds
  15 bullfrogs
  The ghost of aciddrop the Cudgeler, a weakling TrBe of Trog (D:3)
  5 scorpions
  3 troll zombies (D:10)
  5 killer bees (D:12)
  2 spriggan skeletons (D:13)
  7 wights
  4 electric eels
  3 howler monkeys
  A troll skeleton (D:13)
  7 crimson imps
  5 centaur zombies
  2 quasits
  3 jellies
  3 orc priests
  7 hounds
  16 orc wizards
  3 bullfrog skeletons
  6 centaur skeletons
  3 iguanas
  6 worker ants
  4 ogre zombies (D:10)
  A worker ant zombie (D:11)
  22 adders
  6 river rats (Sewer)
  2 shadow imps
  3 oozes
  4 adder skeletons
  3 worms
  7 leopard geckos
  39 orcs
  4 giant cockroaches
  6 goblins
  8 hobgoblins
  11 jackals
  4 quokkas
  9 ball pythons
  4 bats
  7 frilled lizards
  A goblin skeleton (D:10)
  2 goblin zombies (D:10)
  A hobgoblin skeleton (D:10)
  2 hobgoblin zombies (D:10)
  A jackal zombie (D:7)
  15 kobolds
  A leopard gecko skeleton (D:7)
  2 orc skeletons (D:10)
  17 orc zombies (D:10)
  30 rats
  A butterfly (Lair:2)
  2 plants (Lair:3)
515 creatures vanquished.

Vanquished Creatures (others)
  A catoblepas (Lair:4)
  2 oklob plants (Lair:3)
  2 manticores
  3 wraiths (D:11)
  A hungry ghost (D:9)
  A bullfrog (D:12)
  6 fungi
  17 plants
33 creatures vanquished.

Grand Total: 548 creatures vanquished

Notes
Turn   | Place    | Note
-------+----------+-------------------------------------------
     0 | Abyss:1  | Kurtz the Octopode Abyssal Knight began the quest for the Orb.
     0 | Abyss:1  | Reached XP level 1. HP: 16/16 MP: 2/2
    47 | Abyss:1  | Noticed a small abomination
    91 | Abyss:2  | Noticed an insubstantial wisp
    93 | Abyss:2  | Noticed an insubstantial wisp
    95 | Abyss:2  | Noticed a smoke demon
    95 | Abyss:2  | Killed an insubstantial wisp
    95 | Abyss:2  | Reached XP level 2. HP: 23/23 MP: 3/3
    95 | Abyss:2  | Reached XP level 3. HP: 27/27 MP: 4/4
    95 | Abyss:2  | Reached XP level 4. HP: 34/34 MP: 5/5
    95 | Abyss:2  | Reached XP level 5. HP: 38/38 MP: 6/6
    96 | Abyss:2  | Noticed an insubstantial wisp
   108 | Abyss:2  | Killed a smoke demon
   108 | Abyss:2  | Reached skill level 5 in Fighting
   108 | Abyss:2  | Reached skill level 3 in Polearms
   108 | Abyss:2  | Reached skill level 1 in Evocations
   108 | Abyss:2  | Reached XP level 6. HP: 34/46 MP: 6/8
   108 | Abyss:2  | Reached XP level 7. HP: 38/51 MP: 6/9
   110 | Abyss:2  | Noticed a sun demon
   111 | Abyss:2  | Killed an insubstantial wisp
   114 | Abyss:2  | Noticed a large abomination
   115 | Abyss:2  | Killed a sun demon
   115 | Abyss:2  | Reached XP level 8. HP: 46/60 MP: 6/10
   141 | Abyss:5  | Entered Level 5 of the Abyss
   146 | D:1      | Escaped the Abyss
   295 | D:1      | Reached skill level 5 in Dodging
   459 | D:1      | Reached ** piety under Lugonu
   769 | D:1      | Reached skill level 4 in Polearms
  1447 | D:2      | Reached skill level 1 in Stealth
  1621 | D:2      | Found a shimmering altar of Xom.
  1851 | D:3      | Noticed aciddrop's ghost (weakling TrBe)
  2117 | D:4      | Reached *** piety under Lugonu
  2211 | D:4      | Reached skill level 5 in Polearms
  2784 | D:5      | Entered Level 5 of the Dungeon
  2874 | D:5      | Found a glowing drain.
  2890 | Sewer    | Entered a sewer
  2989 | Sewer    | Reached XP level 9. HP: 63/64 MP: 11/11
  3084 | Sewer    | Reached **** piety under Lugonu
  3153 | Sewer    | Reached skill level 6 in Polearms
  3364 | D:5      | Found an opulent altar of Gozag.
  3364 | D:5      | Found a deep blue altar of Sif Muna.
  3911 | D:6      | Noticed Menkaure
  3918 | D:6      | Killed Menkaure
  3933 | D:6      | Found a sacrificial altar of Ru.
  3934 | D:6      | Found an ancient bone altar of Kikubaaqudgha.
  3938 | D:6      | Found an ornate altar of the Wu Jian Council.
  3938 | D:6      | Found a basalt altar of Yredelemnul.
  3940 | D:6      | Found a glowing silver altar of Zin.
  4140 | D:6      | Found a staircase to the Ecumenical Temple.
  4225 | D:6      | Found a snail-covered altar of Cheibriados.
  4275 | D:7      | Found a radiant altar of Vehumet.
  4336 | D:7      | Reached skill level 7 in Polearms
  4491 | D:9      | Found a shattered altar of Ashenzari.
  4972 | D:3      | Killed aciddrop's ghost
  4972 | D:3      | Reached skill level 5 in Invocations
  5044 | D:3      | Reached ***** piety under Lugonu
  5130 | D:3      | Found a hazy altar of Hepliaklqana.
  5192 | D:3      | Found an iron altar of Okawaru.
  5816 | D:7      | Found a stormy altar of Qazlal.
  5878 | D:7      | Reached skill level 5 in Stealth
  6028 | D:7      | Reached XP level 10. HP: 60/72 MP: 14/14
  6080 | D:7      | Reached skill level 8 in Polearms
  6989 | D:10     | Entered Level 10 of the Dungeon
  6999 | D:9      | Noticed Psyche
  7007 | D:9      | Cast into level 2 of the Abyss (Psyche)
  7007 | Abyss:2  | Found a corrupted altar of Lugonu.
  7064 | Abyss:2  | Reached skill level 9 in Polearms
  7067 | D:9      | Escaped the Abyss
  7072 | D:9      | Killed Psyche
  7742 | D:8      | Found a staircase to the Lair.
  8115 | D:8      | Learned a level 1 spell: Magic Dart
  8698 | D:9      | Noticed Prince Ribbit
  8700 | D:9      | Reached skill level 1 in Conjurations
  8711 | D:9      | Killed Prince Ribbit
  8711 | D:9      | Reached skill level 10 in Polearms
  8711 | D:9      | Reached skill level 1 in Spellcasting
  8892 | D:9      | Reached XP level 11. HP: 78/78 MP: 16/16
  9564 | D:10     | Found a staircase to the Orcish Mines.
 10193 | D:10     | Noticed a manticore
 10197 | D:10     | Banished a manticore
 10210 | D:10     | Reached skill level 11 in Polearms
 10347 | D:10     | Noticed a two-headed ogre
 10357 | D:10     | Killed a two-headed ogre
 10723 | D:11     | Noticed Snorg
 10750 | D:11     | Noticed a purple ugly thing
 10885 | D:10     | Killed Snorg
 10963 | D:10     | Killed a purple ugly thing
 11578 | D:11     | Noticed Josephine
 11585 | D:11     | Learned a level 3 spell: Mephitic Cloud
 11796 | D:11     | Noticed a manticore
 11797 | D:11     | Banished a manticore
 12012 | D:11     | Gained mutation: You tend to lose your temper in combat. [potion of mutation]
 12012 | D:11     | Gained mutation: Your body sometimes deteriorates upon taking damage. [potion of mutation]
 12012 | D:11     | Gained mutation: You are agile. (Dex +2) [potion of mutation]
 12023 | D:11     | Killed Josephine
 12023 | D:11     | Reached XP level 12. HP: 56/85 MP: 11/17
 12034 | D:11     | Reached skill level 12 in Polearms
 12317 | D:12     | Learned a level 2 spell: Call Imp
 12325 | D:12     | Found Cusish's Distillery.
 12333 | D:12     | Bought a potion of berserk rage for 55 gold pieces
 12333 | D:12     | Bought a potion of curing for 33 gold pieces
 12333 | D:12     | Bought a potion of heal wounds for 55 gold pieces
 12537 | D:12     | Noticed Urug
 12549 | D:12     | Killed Urug
 12975 | D:13     | Noticed a vault guard
 13126 | D:13     | Killed a vault guard
 13176 | D:13     | Noticed an ogre mage
 13177 | D:13     | Noticed a vault guard
 13179 | D:13     | Noticed a deep elf knight
 13694 | D:15     | Entered Level 15 of the Dungeon
 13939 | D:14     | Noticed a two-headed ogre
 13954 | D:14     | Killed a two-headed ogre
 13954 | D:14     | Reached skill level 13 in Polearms
 14363 | D:15     | Reached skill level 5 in Conjurations
 14382 | D:15     | Noticed a two-headed ogre
 14393 | D:15     | Killed a two-headed ogre
 14640 | D:15     | Reached XP level 13. HP: 18/90 MP: 2/20
 15075 | D:15     | Noticed a fire giant
 15075 | D:15     | a death yak changed into a fire giant
 15081 | D:14     | a fire giant changed into an alligator snapping turtle
 15108 | D:14     | Noticed a stone giant
 15170 | D:14     | Noticed a quicksilver dragon
 15251 | D:14     | Noticed a ghost moth
 15251 | D:14     | an alligator changed into a ghost moth
 15254 | D:14     | a ghost moth changed into a queen ant
 15258 | D:14     | Noticed a spark wasp
 15258 | D:14     | a queen ant changed into a spark wasp
 15267 | D:14     | Killed a spark wasp
 15267 | D:14     | Reached skill level 5 in Spellcasting
 16310 | D:13     | Reached skill level 14 in Polearms
 17349 | D:13     | Noticed a stone giant
 18299 | Lair:1   | Entered Level 1 of the Lair of Beasts
 18774 | Lair:1   | Reached ****** piety under Lugonu
 19072 | Lair:1   | Reached skill level 10 in Fighting
 19664 | Lair:2   | Reached XP level 14. HP: 89/99 MP: 21/23
 19693 | Lair:2   | Found a staircase to the Swamp.
 20416 | Lair:3   | Reached skill level 15 in Polearms
 20425 | Lair:3   | Reached skill level 10 in Invocations
 21082 | Lair:3   | Found a staircase to the Snake Pit.
 21618 | Lair:3   | Learned a level 5 spell: Iskenderun's Battlesphere
 23372 | Lair:4   | Noticed Sonja
 23379 | Lair:4   | Cast into level 1 of the Abyss (Sonja)
 23379 | Abyss:1  | Found a corrupted altar of Lugonu.
 23420 | Abyss:1  | Noticed an ancient lich
 23440 | Abyss:1  | Paralysed by an ancient lich for 3 turns
 23447 | Abyss:1  | Paralysed by an ancient lich for 2 turns
 23460 | Abyss:1  | Paralysed by an ancient lich for 7 turns
 23463 | Abyss:1  | Killed from afar by an ancient lich

Skill      XL: |  1  2  3  4  5  6  7  8  9 10 11 12 13 14 |
---------------+-------------------------------------------+-----
Fighting       | 4 5 7 8 9 10 | 10.2
Dodging        | 3 4 5 6 7 |  7.8
Polearms       | 3 5 7 10 11 13 14 15 | 15.6
Invocations    | 3 5 6 7 9 10 | 10.4
Evocations     | 1 2 |  2.5
Stealth        | 3 5 6 |  6.0
Conjurations   | 1 3 5 6 7 |  7.0
Spellcasting   | 1 3 4 6 |  6.5
Throwing       | |  0.3

Action                   |  1- 3 |  4- 6 |  7- 9 | 10-12 | 13-15 || total
-------------------------+-------+-------+-------+-------+-------++-------
Melee: Halberd           |       |       |   401 |   710 |   652 ||  1763
       Constrict         |       |       |    70 |    73 |    53 ||   196
       Tentacles         |       |       |    52 |   132 |   148 ||   332
 Fire: Blowgun           |       |       |       |    29 |       ||    29
Throw: Tomahawk          |       |       |     5 |    22 |     2 ||    29
       Throwing net      |       |       |       |     2 |       ||     2
 Cast: Magic Dart        |       |       |       |    26 |    10 ||    36
       Mephitic Cloud    |       |       |       |     9 |    17 ||    26
       Call Imp          |       |       |       |     9 |    10 ||    19
       Iskenderun's Batt |       |       |       |       |     1 ||     1
Invok: Bend Space        |       |       |       |     8 |     3 ||    11
       Banish            |       |       |       |     9 |     5 ||    14
       Depart the Abyss  |       |       |       |     1 |       ||     1
Evoke: Wand              |     2 |     4 |     8 |    52 |    36 ||   102
  Use: Scroll            |       |       |     6 |    11 |       ||    17
       Potion            |       |       |     3 |     3 |    11 ||    17
 Stab: Sleeping          |       |       |    32 |    18 |     6 ||    56
       Invisible         |       |       |     1 |     1 |       ||     2
       Distracted        |       |       |       |     3 |     1 ||     4
       Confused          |       |       |       |     7 |    12 ||    19
       Paralysed         |       |       |       |       |    11 ||    11
  Eat: Chunk             |       |       |    17 |    26 |    26 ||    69
       Ration            |       |       |       |     4 |     2 ||     6
Armor: Skin              |       |       |    71 |   107 |    85 ||   263
Dodge: Dodged            |       |     1 |   392 |   448 |   330 ||  1171
